 Dungeon Crawl Stone Soup version 0.18-a0-1685-g4482fe3 (console) character file.

200 siepu the Slasher (level 5, 0/42 HPs)
             Began as a Demigod Wanderer on Apr 4, 2016.
             Killed by nerve-wracking pain
             ... invoked by Grinder
              (4 damage)
             ... on level 3 of the Dungeon.
             The game lasted 00:09:00 (4470 turns).

siepu the Slasher (Demigod Wanderer)                Turns: 4470, Time: 00:09:00

Health: 0/42       AC:  3    Str: 18    XL:     5   Next: 24%
Magic:  8/8        EV: 13    Int: 16    God:
Gold:   96         SH:  0    Dex: 16    Spells: 0 memorised, 4 levels left

rFire  . . .     SeeInvis .     b - +0 falchion
rCold  . . .     Gourm    .     q - +0 leather armour
rNeg   . . .     Faith    .     (no shield)
rPois  .         Spirit   .     (no helmet)
rElec  .         Dismiss  .     (no cloak)
rCorr  .         Reflect  .     (no gloves)
SustAt +         Harm     .     (no boots)
MR     .....                    (no amulet)
Stlth  ++........               x - +1 ring of evasion
                                o - +2 ring of intelligence

@: not resistant to hostile enchantments, unstealthy
A: high mp 1, sustain attributes
a: no special abilities


You were on level 3 of the Dungeon.
You were hungry.

You visited 1 branch of the dungeon, and saw 3 of its levels.

You collected 96 gold pieces.

Inventory:

Hand Weapons
 a - a +2 dagger
 b - a +0 falchion (weapon)
Armour
 e - a +0 robe
 q - a +0 leather armour (worn)
Jewellery
 o - a +2 ring of intelligence (left hand)
 x - a +1 ring of evasion (right hand)
Scrolls
 c - 2 scrolls of recharging {unknown}
 d - a scroll of blinking
 j - a scroll of noise {unknown}
 k - a scroll of enchant armour {unknown}
 l - a scroll of enchant weapon {unknown}
 n - a scroll of identify {unknown}
 r - a scroll of fog {unknown}
 s - a scroll of remove curse {unknown}
Potions
 g - a potion of might {unknown}
 h - a potion of heal wounds {unknown}
 i - a potion of degeneration {unknown}
 t - a potion of ambrosia {unknown}
Comestibles
 f - 2 bread rations
 m - a slice of pizza
 p - a fruit
 u - a meat ration
 v - a beef jerky


   Skills:
 - Level 2.6 Fighting
 - Level 1.0(3.4) Short Blades
 + Level 5.3 Long Blades
 - Level 1.7 Dodging
 - Level 1.0 Stealth
   Level 1.0 Evocations


You had 4 spell levels left.
You didn't know any spells.

Dungeon Overview and Level Annotations

Branches:
Dungeon (3/15)

Annotations:
D:3 Grinder


Innate Abilities, Weirdness & Mutations

You have an increased reservoir of magic (+10% MP).
Your attributes are resistant to harm.


Message History

You closely miss Grinder.
Grinder is heavily wounded.
Grinder gestures at you. Pain shoots through your body!
You hit Grinder.
Grinder is heavily wounded.
Grinder hits you.
You writhe in agony.
You hit Grinder but do no damage.
Grinder is heavily wounded.
Grinder hits you!
* * * LOW HITPOINT WARNING * * *
You writhe in agony.
* * * LOW HITPOINT WARNING * * *
Grinder gestures.
Grinder blinks!
Grinder gestures.
Grinder blinks!
Grinder gestures at you. Pain shoots through your body!
You die...

#...........# #.......(...#
##########.###.#### ##
.........#.#...#################.
............)....................
.(####.......5...#.......#######.
.......#.........#.......# #.
.......#.........#.......# #.
.......#........@#.......# #.
.................######### #####.
.#......#...w....# #.....
........#........# #.....
.#......#........# #.....
......###........# #.....
...#...##......†.# #.....
.....#.#####+###.##### #.....
..####..### #.....# ###...


You could see Grinder and a worm.

Vanquished Creatures
  An orc wizard (D:3)
  Ijyb (D:2)
  4 gnolls (D:2)
  2 adders
  2 oozes
  2 worms
  A giant gecko (D:2)
  8 orcs
  2 giant cockroaches
  10 hobgoblins
  11 jackals
  5 kobolds
  8 bats
  A giant newt (D:1)
  6 goblins
  5 rats
69 creatures vanquished.

Notes
Turn   | Place    | Note
--------------------------------------------------------------
     0 | D:1      | siepu the Demigod Wanderer began the quest for the Orb.
     0 | D:1      | siepu set off with: a +2 dagger, a scroll of blinking, a potion of curing, a +0 falchion, a +0 robe, a bread ration
     0 | D:1      | Reached XP level 1. HP: 18/18 MP: 3/3
    12 | D:1      | Reached skill level 2 in Long Blades
    94 | D:1      | Reached XP level 2. HP: 10/25 MP: 5/5
   578 | D:1      | Reached skill level 3 in Long Blades
  1195 | D:2      | Found a sparkling altar of Nemelex Xobeh.
  1240 | D:2      | Noticed Ijyb
  1242 | D:2      | Reached XP level 3. HP: 29/30 MP: 6/6
  1274 | D:2      | Killed Ijyb
  1535 | D:2      | Reached skill level 4 in Long Blades
  1681 | D:2      | Reached XP level 4. HP: 7/37 MP: 7/7
  2002 | D:2      | Found a burning altar of Makhleb.
  2009 | D:2      | Found a shimmering altar of Xom.
  2188 | D:2      | Found an oddly glowing altar of Pakellas.
  2188 | D:2      | Found a blossoming altar of Fedhas.
  2189 | D:2      | Found a stormy altar of Qazlal.
  3158 | D:3      | Noticed Grinder
  3176 | D:3      | Paralysed by Grinder for 4 turns
  3473 | D:3      | Reached skill level 5 in Long Blades
  3653 | D:2      | Reached XP level 5. HP: 3/42 MP: 8/8
  4446 | D:3      | Paralysed by Grinder for 6 turns
  4470 | D:3      | Killed from afar by Grinder

Vault maps used:
D:1:      dpeg_arrival_round_b, grunt_decor_cap, serial_bayou_pond_a,
          minivault_25
D:2:      amethyst_overflow_temple_binary, gammafunk_temple_overflow_forgotten,
          nemelex_xobeh_ov_fountains_minmay, minmay_misc_feat_enclosed,
          uniq_iyjb
D:3:      minmay_ogre_servants, uniq_grinder

Skill      XL: |  1  2  3  4 |
---------------+-------------+-----
Long Blades    | 2 3 4 5 |  5.3
Fighting       | |  2.6
Short Blades   | |  1.0
Dodging        | |  1.7
Stealth        | |  1.0
Evocations     | |  1.0

Action                   |  1- 3 |  4- 6 || total
-------------------------+-------+-------++-------
Melee: Dagger            |   134 |       ||   134
       Falchion          |    25 |   188 ||   213
  Use: Potion            |     1 |       ||     1
 Stab: Sleeping          |     3 |     1 ||     4
       Distracted        |       |     1 ||     1
  Eat: Chunk             |     3 |     8 ||    11
